 Dungeon Crawl Stone Soup version 0.30-a0-585-g93115170b9 (webtiles) character file.

Game seed: 72702455509857172

77 purpskrrrp the Insei (level 4, -1/29 HPs)
             Began as an Octopode Transmuter on Jan 1, 2023.
             Was an Initiate of Cheibriados.
             Slain by a gnoll
             ... wielding a +0 halberd
              (9 damage)
             ... on level 3 of the Dungeon.
             The game lasted 00:04:15 (2046 turns).

purpskrrrp the Insei (Octopode Transmuter)          Turns: 2046, Time: 00:04:15

Health: -1/29      AC:  1    Str: 10    XL:     4   Next: 33%
Magic:  14/16      EV: 13    Int: 18    God:    Cheibriados [......]
Gold:   185        SH:  0    Dex: 13    Spells: 4/7 levels left

rFire   . . .      SeeInvis .      - Unarmed
rCold   . . .      Faith    .    (no shield)
rNeg    . . .      Spirit   .    (helmet currently unavailable)
rPois   .          Reflect  .    (no amulet)
rElec   .          Harm     .    o - ring of magical power
rCorr   .          Rampage  .    (no ring)
Will    .....                    (no ring)
Stlth   +++                      (no ring)
HPRegen 0.24/turn                (no ring)
MPRegen 0.15/turn                (no ring)
                                 (no ring)
                                 (no ring)

@: appendages, wereblooded, invisible, very slow
A: tentacle spike 3, almost no armour, amphibious, 8 rings, camouflage 1,
gelatinous body 1, (nimble swimmer 1), tentacles
a: End Transformation, Renounce Religion


You were on level 3 of the Dungeon.
You worshipped Cheibriados.
Cheibriados was noncommittal.
One of your tentacles had grown a beastly spike.
You visited 1 branch of the dungeon, and saw 3 of its levels.

You collected 185 gold pieces.

Inventory:

Jewellery
 o - a ring of magical power (left tentacle)
 r - a ring of see invisible
Wands
 n - a wand of flame (13)
Scrolls
 a - a scroll of silence {unknown}
 c - a scroll of enchant armour {unknown}
 g - 4 scrolls of identify
 j - a scroll of immolation {unknown}
 p - a scroll of magic mapping
Potions
 b - 2 potions of invisibility
 d - 2 potions of brilliance {unknown}
 e - a potion of mutation {unknown}
 f - 2 potions of flight {unknown}
 h - a potion of might {unknown}
 i - 2 potions of heal wounds {unknown}
 k - a potion of resistance {unknown}
 l - a potion of attraction {unknown}
 m - 2 potions of curing {unknown}
 q - a potion of degeneration {unknown}


   Skills:
 + Level 1.9 Fighting
 + Level 2.5 Dodging
 + Level 1.0 Stealth
 + Level 3.4 Unarmed Combat
 + Level 2.4 Spellcasting
 + Level 2.6 Transmutations


You had 4 spell levels left.
You knew the following spells:

 Your Spells              Type           Power      Damage    Failure   Level
a - Beastly Appendage     Tmut           22%        N/A       6%          1
b - Wereblood             Tmut           11%        N/A       9%          2

Your spell library contained the following spells:

 Spells                   Type           Power      Damage    Failure   Level
 Spider Form              Tmut/Pois      7%         N/A       30%         3
 Ice Form                 Ice/Tmut       7%         N/A       69%         4
 Summon Lightning Spire   Summ/Air       2%         N/A       86%         4
 Storm Form               Tmut/Air       3%         N/A       100%        7
 Maxwell's Capacitive Co  Air            1%         ∞         100%        8


Dungeon Overview and Level Annotations

Branches:
Dungeon (3/15)

Altars:
Cheibriados

Shops:
D:2 =


Innate Abilities, Weirdness & Mutations

One of your tentacles has grown a beastly spike.
You cannot wear most types of armour.
You are amphibious.
You can wear up to eight rings at the same time.
Your skin changes colour to match your surroundings (Stealth+).
Your rubbery body absorbs attacks. (AC +1, EV +1)
((You are camouflaged when in or above water. (Stealth+)))
You have tentacles for arms and can constrict up to eight enemies at once.


Message History

The gnoll shouts!
A gnoll comes into view. It is wielding a +0 flail.
The gnoll barely misses you.
The gnoll hits you from afar with a +0 spear!
You tentacle-slap the gnoll but do no damage.
You grab the gnoll. You constrict the gnoll.
The gnoll hits you with a +0 halberd!
* * * LOW HITPOINT WARNING * * *
The gnoll misses you.
You are too injured to fight recklessly!
You are too injured to fight recklessly!
You are too injured to fight recklessly!
You are too injured to fight recklessly!
You are too injured to fight recklessly!
You are too injured to fight recklessly!
You are too injured to fight recklessly!
You are too injured to fight recklessly!
You are too injured to fight recklessly!
You are too injured to fight recklessly!
You are too injured to fight recklessly!
You are too injured to fight recklessly!
You are too injured to fight recklessly!
You are too injured to fight recklessly!
You are too injured to fight recklessly!
You are too injured to fight recklessly!
You are too injured to fight recklessly!
You are too injured to fight recklessly!
You are too injured to fight recklessly!
You are too injured to fight recklessly!
You are too injured to fight recklessly!
You are too injured to fight recklessly!
You are too injured to fight recklessly!
You are too injured to fight recklessly!
You are too injured to fight recklessly!
You are too injured to fight recklessly!
You are too injured to fight recklessly!
You are too injured to fight recklessly!
You fade into invisibility!
You constrict the gnoll. The gnoll hits you with a +0 halberd!
You die...

.'.........##########......(..###
##.........# #.....####...
####..###############.....#......
...................##.....#......
....†..............##.....#......
...................##.....##.....
.......#.)...#.....##.....#####.#
####...............######## #..
................@.....# #####
................g.....# #....
..÷)..........#..g....# #...#
..†........##.....##### #...<
...........##...... #....
.....#####...!..##.. #.... .....#
...... #. #.... .....# ...... #.
#.... .....# .#######.##


You could see 2 gnolls.

Vanquished Creatures
  2 adders
  A dart slug (D:2)
  8 ball pythons
  4 bats (D:1)
  4 endoplasms
  3 giant cockroaches (D:1)
  6 goblins
  6 hobgoblins
  5 jackals
  3 kobolds
  2 quokkas (D:3)
  A frilled lizard (D:1)
  6 rats
51 creatures vanquished.

Notes
Turn   | Place    | Note
-------+----------+-------------------------------------------
     0 | D:1      | purpskrrrp the Octopode Transmuter began the quest for the
                  | Orb.
     0 | D:1      | Reached XP level 1. HP: 13/13 MP: 3/3
    71 | D:1      | Reached XP level 2. HP: 18/18 MP: 3/5
   331 | D:1      | Reached XP level 3. HP: 23/23 MP: 4/6
   334 | D:1      | Learned a level 2 spell: Wereblood
   959 | D:2      | Found Hoageitz's Jewellery Emporium.
  1124 | D:2      | Reached XP level 4. HP: 18/29 MP: 7/7
  1278 | D:2      | Found a snail-covered altar of Cheibriados.
  1469 | D:2      | Became a worshipper of Cheibriados the Contemplative
  1533 | D:3      | Reached skill level 1 in Stealth
  2046 | D:3      | Slain by a gnoll

Illustrated notes

Levels and vault maps discovered:
D:1:      dpeg_arrival_rooms_with_view, layout_rooms, minmay_worlds_worst_comb
D:2:      layout_rooms, basic_altar, serial_shops, nicolae_shop_window_shopping,
          minmay_tetromino_i2, uniq_crazy_yiuf_cottage
D:3:      layout_basic, small_statue_intersection

Skill      XL: |  1  2  3  4 |
---------------+-------------+-----
Stealth        | 1 |  1.0
Fighting       | |  1.9
Dodging        | |  2.5
Unarmed Combat | |  3.4
Spellcasting   | |  2.4
Transmutations | |  2.6

Action                   |  1- 3 |  4- 6 || total
-------------------------+-------+-------++-------
Melee: Unarmed           |    87 |    22 ||   109
       Kick              |    21 |     6 ||    27
       Constrict         |    22 |     5 ||    27
       Tentacles         |    15 |       ||    15
       Punch             |     4 |       ||     4
 Cast: Beastly Appendage |    17 |     9 ||    26
       Wereblood         |     1 |     2 ||     3
  Use: Scroll            |     4 |       ||     4
       Potion            |     1 |     1 ||     2
 Stab: Sleeping          |     4 |     3 ||     7
Armor: Skin              |     8 |     1 ||     9
Dodge: Dodged            |    44 |    15 ||    59

Table legend: (Time is in decaauts)
 A = Elapsed time spent in this place.
 B = Non-inter-level travel time spent in this place.
 C = Inter-level travel time spent in this place.
 D = Time resting spent in this place.
 E = Time spent auto-exploring this place.
 F = Levels seen in this place.
 G = Mean time per level.
                   A        B        C        D        E       F      G
               +--------+--------+--------+--------+--------+-----+--------+
         Total |   2149 |   2092 |     57 |    185 |   1538 |   3 |  716.3 |
       Dungeon |   2149 |   2092 |     57 |    185 |   1538 |   3 |  716.3 |
               +--------+--------+--------+--------+--------+-----+--------+

Top non-repeatable levels by time:
     D:1: 842 daAuts
     D:2: 659 daAuts
     D:3: 648 daAuts
